 Dungeon Crawl Stone Soup version 0.30-a0-23-ge60ba3568b (webtiles) character file.

Game seed: 7869416857121422885

137 xian the Gusty (level 5, -1/28 HPs)
             Began as a Tengu Air Elementalist on Aug 25, 2022.
             Was a Believer of Sif Muna.
             Slain by a gnoll sergeant
             ... wielding a +0 spear
              (10 damage)
             ... on level 3 of the Dungeon.
             The game lasted 00:06:41 (2673 turns).

xian the Gusty (Tengu Air Elementalist)             Turns: 2673, Time: 00:06:41

Health: -1/28      AC:  3    Str:  8    XL:     5   Next: 20%
Magic:  6/11       EV: 15    Int: 18    God:    Sif Muna [**....]
Gold:   42         SH:  0    Dex: 14    Spells: 4/10 levels left

rFire   . . .      SeeInvis .    h - +1 short sword (holy)
rCold   . . .      Faith    .    (no shield)
rNeg    . . .      Spirit   .    a - +0 robe
rPois   .          Reflect  .    (helmet restricted)
rElec   .          Harm     .    (no cloak)
rCorr   .          Rampage  .    d - +0 pair of gloves
Will    .....                    (boots unavailable)
Stlth   ++........               (no amulet)
HPRegen 0.09/turn                (no ring)
MPRegen 0.12/turn                (no ring)

@: flying quickly and evasively, quick
A: beak, talons 3, nimble flight
a: Renounce Religion, Channel Magic


You were on level 3 of the Dungeon.
You worshipped Sif Muna.
Sif Muna was pleased with you.
You visited 1 branch of the dungeon, and saw 3 of its levels.

You collected 120 gold pieces.
You spent 78 gold pieces at shops.

Inventory:

Hand Weapons
 h - a +1 short sword of holy wrath (weapon)
Missiles
 s - a throwing net
Armour
 a - a +0 robe (worn)
 d - a +0 pair of gloves (worn)
Scrolls
 e - 4 scrolls of identify {unknown}
 f - a scroll of poison {unknown}
 j - a scroll of magic mapping {unknown}
 l - 2 scrolls of butterflies {unknown}
 n - a scroll of amnesia {unknown}
 o - a scroll of fear {unknown}
 q - a scroll of vulnerability {unknown}
Potions
 b - a potion of magic
 c - a potion of flight {unknown}
 g - 3 potions of mutation {unknown}
 i - a potion of ambrosia {unknown}
 k - a potion of curing {unknown}
 m - a potion of haste {unknown}
 p - a potion of lignification {unknown}
 r - a potion of might {unknown}


   Skills:
 + Level 0.1 Fighting
 + Level 0.2 Short Blades
 + Level 2.6 Dodging
 + Level 2.0 Stealth
 + Level 3.4 Spellcasting
 + Level 2.4 Conjurations
 + Level 5.4 Air Magic


You had 4 spell levels left.
You knew the following spells:

 Your Spells              Type           Power      Damage    Failure   Level
a - Shock                 Conj/Air       68%        1d7       3%          1
b - Static Discharge      Conj/Air       17%        3-6/arc   4%          2
c - Swiftness             Air            22%        N/A       4%          3

Your spell library contained the following spells:

 Spells                   Type           Power      Damage    Failure   Level
 Airstrike                Air            11%        2d(2-18)  17%         4
 Sublimation of Blood     Necr           3%         N/A       24%         2
 Petrify                  Tmut/Erth      3%         N/A       83%         4
 Irradiate                Conj/Tmut      3%         3d12      95%         5
 Malign Gateway           Summ/Tloc      1%         N/A       100%        7
 Summon Horrible Things   Summ           1%         N/A       100%        8


Dungeon Overview and Level Annotations

Branches:
Dungeon (3/15)

Altars:
Sif Muna

Shops:
D:2 *

Annotations:
D:2 1 runed translucent door, Crazy Yiuf


Innate Abilities, Weirdness & Mutations

You have a beak for a mouth.
You have claws for feet.
Your magical nature lets you fly swiftly and evasively.


Message History

The rat is moderately wounded.
The jackal completely misses you. The jackal closely misses you.
Aiming: Shock (safe; 3% risk of failure)
Press: ? - help, Q - select action, (/) - cycle Shift-Dir - straight line, f - jackal
Aim: a jackal (moderately wounded, 64% to hit)
The zap hits the jackal!
You kill the jackal!
Sif Muna accepts your kill.
The zap hits the rat.
You kill the rat!
Sif Muna accepts your kill.
Aiming: Shock (safe; 3% risk of failure)
Press: ? - help, Q - select action, (/) - cycle Shift-Dir - straight line, f - gnoll sergeant
Aim: a gnoll sergeant, wielding a +0 spear and wearing a +0 scale mail (79% to hit)
The zap hits the gnoll sergeant.
The gnoll sergeant is lightly wounded.
There is an open door here.
A hobgoblin comes into view. It is wielding a +0 rapier.
The hobgoblin shouts!
An endoplasm comes into view.
Aiming: Shock (safe; 3% risk of failure)
Press: ? - help, Q - select action, (/) - cycle Shift-Dir - straight line, f - endoplasm, p - gnoll sergeant
Aim: an endoplasm (wandering, hasn't noticed you, 98% to hit)
The zap hits the hobgoblin.
The hobgoblin is almost dead.
The zap hits the endoplasm.
The endoplasm is moderately wounded.
The hobgoblin misses you.
Aiming: Shock (safe; 3% risk of failure)
Press: ? - help, Q - select action, (/) - cycle Shift-Dir - straight line, f/p - endoplasm
Aim: an endoplasm (moderately wounded, 98% to hit)
The zap misses the hobgoblin.
The zap hits the endoplasm!
You kill the endoplasm!
Sif Muna accepts your kill. The gnoll sergeant barely misses you.
The hobgoblin closely misses you.
You closely miss the hobgoblin. Your kick misses the hobgoblin.
Your peck misses the hobgoblin.
The hobgoblin is almost dead.
The gnoll sergeant hits you from afar with a +0 spear!
You die...

######## #......#
##......##############.#
.'......'...g.g.@g......
##......##############.#
#.......# #######.# #.#
#.# #g#
########.###########
..r.o...†..)†o..)..#


You could see a gnoll sergeant, a gnoll and a hobgoblin.

Vanquished Creatures
  Jessica (D:2)
  2 gnolls (D:3)
  2 adders (D:2)
  2 worms (D:2)
  4 dart slugs (D:1)
  3 orcs (D:3)
  3 ball pythons
  5 bats (D:1)
  5 endoplasms
  A giant cockroach (D:1)
  5 goblins
  2 hobgoblins
  2 jackals (D:3)
  3 quokkas (D:1)
  2 frilled lizards (D:2)
  4 kobolds
  11 rats
57 creatures vanquished.

Vanquished Creatures (others)
  A fungus (D:2)
1 creature vanquished.

Grand Total: 58 creatures vanquished

Notes
Turn   | Place    | Note
-------+----------+-------------------------------------------
     0 | D:1      | xian the Tengu Air Elementalist began the quest for the
                  | Orb.
     0 | D:1      | Reached XP level 1. HP: 10/10 MP: 4/4
   167 | D:1      | Reached XP level 2. HP: 15/15 MP: 4/6
   680 | D:1      | Reached XP level 3. HP: 19/19 MP: 2/7
   812 | D:1      | Found a faded altar of an unknown god.
   821 | D:1      | Prayed at the altar of an unknown god.
   821 | D:1      | Became a worshipper of Sif Muna the Loreminder
   821 | D:1      | Reached * piety under Sif Muna
  1379 | D:2      | Found Qoasauvvu's Assorted Antiques.
  1420 | D:2      | Bought a scroll labelled DAIJ USEXKA for 27 gold pieces
  1420 | D:2      | Bought a scroll labelled FIAROPIUHE for 27 gold pieces
  1420 | D:2      | Bought a fuming clear potion for 24 gold pieces
  1632 | D:2      | Reached XP level 4. HP: 24/24 MP: 1/9
  1704 | D:2      | Reached skill level 5 in Air Magic
  1707 | D:2      | Learned a level 2 spell: Static Discharge
  1711 | D:2      | Learned a level 3 spell: Swiftness
  2027 | D:2      | Noticed Jessica
  2031 | D:2      | Killed Jessica
  2500 | D:2      | Found a runed translucent door.
  2501 | D:2      | Noticed Crazy Yiuf
  2564 | D:3      | Reached ** piety under Sif Muna
  2577 | D:3      | Noticed a gnoll sergeant
  2588 | D:3      | Gained mutation: Your magical nature lets you fly swiftly
                  | and evasively. [Tengu growth]
  2588 | D:3      | Reached XP level 5. HP: 10/28 MP: 7/11
  2673 | D:3      | Slain by a gnoll sergeant

Illustrated notes

Levels and vault maps discovered:
D:1:      lightli_arrival_boilingwater, layout_basic,
          hellmonk_ecumenical_altar_zigzags, minmay_tromino_v4_a
D:2:      layout_basic, serial_shops, nicolae_shop_advertising_works
          [nicolae_subvault_shop_adworks], uniq_crazy_yiuf_cottage, uniq_jessica
D:3:      minmay_recursive_quarters, layout_basic

Skill      XL: |  1  2  3  4 |
---------------+-------------+-----
Conjurations   | 2 |  2.4
Air Magic      | 5 |  5.4
Spellcasting   | 3 |  3.4
Fighting       | |  0.1
Short Blades   | |  0.2
Dodging        | |  2.6
Stealth        | |  2.0

Action                   |  1- 3 |  4- 6 || total
-------------------------+-------+-------++-------
Melee: Spear             |     6 |       ||     6
       Short sword       |     5 |     4 ||     9
       Kick              |     3 |     1 ||     4
       Peck              |     2 |       ||     2
 Cast: Shock             |    61 |    46 ||   107
       Static Discharge  |       |     3 ||     3
Invok: Channel Magic     |       |     1 ||     1
Armor: Robe              |    11 |     3 ||    14
Dodge: Dodged            |    21 |    21 ||    42

Table legend: (Time is in decaauts)
 A = Elapsed time spent in this place.
 B = Non-inter-level travel time spent in this place.
 C = Inter-level travel time spent in this place.
 D = Time resting spent in this place.
 E = Time spent auto-exploring this place.
 F = Levels seen in this place.
 G = Mean time per level.
                   A        B        C        D        E       F      G
               +--------+--------+--------+--------+--------+-----+--------+
         Total |   2668 |   2621 |     47 |      0 |   2203 |   3 |  889.3 |
       Dungeon |   2668 |   2621 |     47 |      0 |   2203 |   3 |  889.3 |
               +--------+--------+--------+--------+--------+-----+--------+

Top non-repeatable levels by time:
     D:1: 1382 daAuts
     D:2: 1163 daAuts
     D:3: 123 daAuts
